 Dungeon Crawl Stone Soup version 0.27-a0-988-g25969acef8 (webtiles) character file.

Game seed: 13252629733210652348

280 tardwrangler69 the Digger (level 6, -4/45 HPs)
             Began as a Draconian Earth Elementalist on Apr 16, 2021.
             Slain by an orc warrior
             ... wielding a +0 flail
              (13 damage)
             ... on level 3 of the Dungeon.
             The game lasted 00:04:23 (3003 turns).

tardwrangler69 the Digger (DrEE)                    Turns: 3003, Time: 00:04:24

Health: -4/45      AC:  9    Str: 10    XL:     6   Next: 5%
Magic:  0/11       EV: 12    Int: 18    God:
Gold:   113        SH:  5    Dex: 11    Spells: 3/12 levels left

rFire    . . .     SeeInvis .   a - +0 trident
rCold    . . .     Faith    .   (no shield)
rNeg     . . .     Spirit   .   (armour unavailable)
rPois    .         Reflect  +   (helmet restricted)
rElec    .         Harm     .   (no cloak)
rCorr    .         Rampage  .   f - +2 pair of gloves
Will     .....                  (no boots)
Stlth    ++........             e - amulet of reflection
HPRegen  0.15/turn              (no ring)
MPRegen  0.12/turn              (no ring)

@: very slightly contaminated
A: AC +6, unfitting armour, cold-blooded
a: no special abilities


You were on level 3 of the Dungeon.
You visited 1 branch of the dungeon, and saw 3 of its levels.

You collected 152 gold pieces.
You spent 39 gold pieces at shops.

Inventory:

Hand Weapons
 a - a +0 trident (weapon)
Missiles
 b - 50 stones
Armour
 f - a +2 pair of gloves (worn)
Jewellery
 e - an amulet of reflection (around neck)
Scrolls
 c - 3 scrolls of amnesia {unknown}
 d - a scroll of fear {unknown}
 i - a scroll of silence {unknown}
 j - a scroll of immolation {unknown}
 l - a scroll of teleportation
 n - a scroll of identify {unknown}
 o - a scroll of enchant armour {unknown}
Potions
 g - 2 potions of might {unknown}
 h - a potion of lignification {unknown}
 k - a potion of curing {unknown}
 m - a potion of berserk rage {unknown}


   Skills:
 - Level 1.7 Dodging
 - Level 1.7 Stealth
 + Level 3.6 Spellcasting
 - Level 1.0 Transmutations
 * Level 5.8 Earth Magic


You had 3 spell levels left.
You knew the following spells:

 Your Spells              Type           Power      Damage    Failure   Level
a - Sandblast             Erth           48%        2d12      1%          1
b - Stone Arrow           Conj/Erth      26%        3d8       14%         3
c - Lee's Rapid Deconstr  Erth           12%        3d9*      36%         5

Your spell library contained the following spells:

 Spells                   Type           Power      Damage    Failure   Level
 Passwall                 Tmut/Erth      12%        N/A       5%          2
 Animate Skeleton         Necr           6%         N/A       16%         1
 Magic Dart               Conj           12%        1d3       16%         1
 Pain                     Necr           12%        1d4       16%         1
 Searing Ray              Conj           6%         3d3       22%         2
 Dazzling Flash           Conj/Hex       6%         N/A       41%         3
 Vampiric Draining        Necr           1%         2d6       41%         3
 Petrify                  Tmut/Erth      15%        N/A       36%         4
 Animate Dead             Necr           1%         N/A       83%         4
 Fulminant Prism          Conj/Hex       1%         3d6       83%         4
 Iskenderun's Mystic Bla  Conj/Tloc      3%         2d3       83%         4
 Agony                    Necr           3%         N/A       99%         5


Dungeon Overview and Level Annotations

Branches:
Dungeon (3/15)

Altars:

Shops:
D:3 ?


Innate Abilities, Weirdness & Mutations

Your plain brown scales are hard. (AC +6)
You cannot fit into any form of body armour.
You are cold-blooded and may be slowed by cold attacks.


Message History

You hear the rapid rusting of a very distant drain.
Casting: Stone Arrow (dangerous; 14% risk of failure)
Confirm with . or Enter, or press ? or * to list all spells.
Aiming: Stone Arrow (dangerous; 14% risk of failure)
Press: ? - help, Shift-Dir - straight line, f/p - orc warrior
Aim: an orc warrior, wielding a +0 flail and wearing a +0 chain mail (moderately wounded, 64% to hit)
The stone arrow hits the orc warrior!
The orc warrior is almost dead.
The orc warrior hits you with a +0 flail!
Casting: Stone Arrow (dangerous; 14% risk of failure)
Confirm with . or Enter, or press ? or * to list all spells.
Aiming: Sandblast (safe; 1% risk of failure)
Press: ? - help, Shift-Dir - straight line, f/p - orc warrior
Aim: an orc warrior, wielding a +0 flail and wearing a +0 chain mail (almost dead, 78% to hit)
The blast of sand hits the orc warrior.
The orc warrior is almost dead.
The orc warrior hits you but does no damage.
You hit the orc warrior.
Your tail-slap misses the orc warrior.
The orc warrior is almost dead.
The orc warrior hits you with a +0 flail!
* * * LOW HITPOINT WARNING * * *
The orc warrior hits you with a +0 flail!
* * * LOW HITPOINT WARNING * * *
Casting: Sandblast (safe; 1% risk of failure)
Confirm with . or Enter, or press ? or * to list all spells.
Aiming: Stone Arrow (dangerous; 14% risk of failure)
Press: ? - help, Shift-Dir - straight line, f/p - orc warrior
Aim: an orc warrior, wielding a +0 flail and wearing a +0 chain mail (almost dead, 64% to hit)
The stone arrow misses the orc warrior.
The orc warrior barely misses you.
You hear the rapid rusting of a very distant drain.
Casting: Stone Arrow (dangerous; 14% risk of failure)
Confirm with . or Enter, or press ? or * to list all spells.
Aiming: Stone Arrow (dangerous; 14% risk of failure)
Press: ? - help, Shift-Dir - straight line, f/p - orc warrior
Aim: an orc warrior, wielding a +0 flail and wearing a +0 chain mail (almost dead, 64% to hit)
You miscast Stone Arrow.
You are very lightly contaminated with residual magic.
Nothing appears to happen.
The orc warrior hits you with a +0 flail!
You die...

####..........#
..o...........##########
####..........#...#....#
##........)...#....<...#
#..#.....†....#...#...###
#.##..........#.........#
#o#########.......#...#.#
#.# ####.....o##.....#
..######........@##....##
..........)......##....#
........###......##....#
........# #...........##
........# #......#....#
.♣......# ###.##....#.###
.∩.♣....#####.#.....†...#
.♣....>.................#
........................#


You could see an orc warrior.

Vanquished Creatures
  Sigmund (D:2)
  An iguana (D:3)
  3 adders
  4 dart slugs
  An orc (D:3)
  6 ball pythons
  6 endoplasms
  4 giant cockroaches
  5 goblins
  6 hobgoblins
  4 jackals (D:1)
  2 quokkas
  5 bats
  8 frilled lizards
  3 kobolds
  6 rats
65 creatures vanquished.

Notes
Turn   | Place    | Note
-------+----------+-------------------------------------------
     0 | D:1      | tardwrangler69 the Draconian Earth Elementalist began the
                  | quest for the Orb.
     0 | D:1      | Reached XP level 1. HP: 14/14 MP: 3/3
   146 | D:1      | Reached XP level 2. HP: 18/20 MP: 5/5
   748 | D:1      | Reached XP level 3. HP: 18/26 MP: 6/6
   945 | D:1      | Reached skill level 4 in Earth Magic
  1233 | D:2      | Noticed Sigmund
  1359 | D:2      | Killed Sigmund
  1360 | D:2      | Reached skill level 5 in Earth Magic
  1360 | D:2      | Reached XP level 4. HP: 33/33 MP: 2/9
  1360 | D:2      | Reached XP level 5. HP: 38/38 MP: 2/10
  1458 | D:2      | Learned a level 3 spell: Stone Arrow
  1464 | D:2      | Learned a level 5 spell: Lee's Rapid Deconstruction
  1746 | D:2      | Found a faded altar of an unknown god.
  2279 | D:3      | Found Zuag's Magic Scroll Boutique.
  2325 | D:3      | Bought a scroll of teleportation for 39 gold pieces
  2783 | D:3      | Reached XP level 6. HP: 45/45 MP: 11/11
  2890 | D:3      | Noticed an orc warrior
  3003 | D:3      | Slain by an orc warrior

Illustrated notes

Levels and vault maps discovered:
D:1:      dpeg_arrival_shrine, layout_rooms, minmay_fountain_box,
          minmay_lizard_pond
D:2:      layout_loops_cross, shapermc_ecumenical_altar_totnotflames,
          uniq_sigmund
D:3:      layout_rooms, portal_sewer_entry_d, serial_shops, nicolae_shop_trees,
          grunt_decor_clamped, chequers_mini_garden

Skill      XL: |  1  2  3 |
---------------+----------+-----
Earth Magic    | 5 |  5.8
Spellcasting   | 3 |  3.6
Dodging        | |  1.7
Stealth        | |  1.7
Transmutations | |  1.0

Action                   |  1- 3 |  4- 6 || total
-------------------------+-------+-------++-------
Melee: Trident           |    95 |   112 ||   207
       Unarmed           |     7 |       ||     7
       Tailslap          |     8 |     6 ||    14
 Cast: Sandblast         |     9 |    11 ||    20
       Stone Arrow       |       |     5 ||     5
 Stab: Sleeping          |     3 |     7 ||    10
Armor: Skin              |    41 |    44 ||    85
Dodge: Dodged            |    56 |    64 ||   120
Block: Other             |    25 |    32 ||    57

Table legend: (Time is in decaauts)
 A = Elapsed time spent in this place.
 B = Non-inter-level travel time spent in this place.
 C = Inter-level travel time spent in this place.
 D = Time resting spent in this place.
 E = Time spent auto-exploring this place.
 F = Levels seen in this place.
 G = Mean time per level.
                   A        B        C        D        E       F      G
               +--------+--------+--------+--------+--------+-----+--------+
         Total |   3069 |   3040 |     29 |    111 |   2269 |   3 | 1023.0 |
       Dungeon |   3069 |   3040 |     29 |    111 |   2269 |   3 | 1023.0 |
               +--------+--------+--------+--------+--------+-----+--------+

Top non-repeatable levels by time:
     D:1: 1375 daAuts
     D:2: 1175 daAuts
     D:3: 518 daAuts
